 Dungeon Crawl Stone Soup version 0.26-a0-812-g31a745ddcd (webtiles) character file.

Game seed: 16057081359335526754

51114 mandarbmax the Thaumaturge (level 14, -2/110 HPs)
             Began as a Gnoll Warper on Nov 13, 2020.
             Was the Champion of Ashenzari.
             Slain by a catoblepas (11 damage)
             ... while petrified by you
             ... in a Gauntlet.
             The game lasted 01:09:34 (25512 turns).

mandarbmax the Thaumaturge (Gnoll Warper)          Turns: 25512, Time: 01:09:35

Health: -2/110     AC: 15    Str: 17    XL:     14   Next: 58%
Magic:  37/37      EV:  2    Int: 22    God:    Ashenzari [******]
Gold:   1098       SH:  0    Dex: 16    Spells: 24/33 levels left

rFire    + + .     SeeInvis +   g - +4 whip of the Soothsayer {flame, *Contam rF++ MR- MP+9} (curse)
rCold    . . .     Faith    .   l - +0 kite shield (curse)
rNeg     + + +     Spirit   .   f - +1 leather armour (curse)
rPois    ∞         Reflect  +   S - +1 helmet (curse)
rElec    .         Harm     .   v - +1 cloak (curse)
rCorr    .         Rampage  .   G - +1 pair of gloves (curse)
MR       .....     Clarity  +   E - +1 pair of boots (curse) Stlth +++++.....NoTele +
                                C - amulet of reflection (curse)
HPRegen  0.28/turn              h - ring of poison resistance (curse)
MPRegen  0.25/turn              k - +6 ring of intelligence (curse)

@: petrified
A: distributed training, fangs 1, strong nose
a: Curse Item, Scrying, Renounce Religion


You were in a Gauntlet.
You worshipped Ashenzari.
Ashenzari was exalted by your worship.
You visited 2 branches of the dungeon, and saw 16 of its levels.
You also visited: Gauntlet.

You collected 1098 gold pieces.

Inventory:

Hand Weapons
 g - the cursed +4 whip of the Soothsayer (weapon) {flame, *Contam rF++ MR- MP+9}
   (You found it on level 5 of the Dungeon)

   It has been specially enchanted to burn those struck by it, causing extra
   injury to most foes and up to half again as much damage against particularly
   susceptible opponents.
   It greatly protects you from fire.
   It affects your resistance to hostile enchantments.
   It affects your magic capacity (+9).
   It causes magical contamination when unequipped.
   It has a curse placed upon it.
Missiles
 e - 5 boomerangs of dispersal
 j - 4 silver javelins
 m - 10 boomerangs
 r - 5 curare-tipped darts
 z - 19 poisoned darts (quivered)
 M - 2 throwing nets
 Y - 2 atropa-tipped darts
Armour
 f - a cursed +1 leather armour (worn)
 l - a cursed +0 kite shield (worn)
 n - a +1 kite shield of resistance
 q - a +2 robe of the Archmagi
 v - a cursed +1 cloak (worn)
 A - a +2 pair of gloves
 E - a cursed +1 pair of boots (worn)
 G - a cursed +1 pair of gloves (worn)
 S - a cursed +1 helmet (worn)
Jewellery
 h - a cursed ring of poison resistance (left hand)
 i - an uncursed ring of protection from fire
 k - a cursed +6 ring of intelligence (right hand)
 o - a +6 ring of dexterity
 y - an uncursed ring of protection from cold
 C - a cursed amulet of reflection (around neck)
 F - an uncursed ring of resist corrosion
 Z - the ring "Temiafun" {rElec rN+ MR+}
   (You took it off an orc on level 11 of the Dungeon)

   [ring of positive energy]

   It insulates you from electricity.
   It protects you from negative energy.
   It affects your resistance to hostile enchantments.
Wands
 c - a wand of disintegration (12)
 K - a wand of digging (6)
 N - a wand of iceblast (8)
 Q - a wand of enslavement (12)
 U - a wand of paralysis (10)
 W - a wand of flame (32)
Scrolls
 b - 8 scrolls of teleportation
 d - 3 scrolls of blinking
 w - 2 scrolls of fog
 D - 2 scrolls of fear
 I - 2 scrolls of magic mapping
 O - a scroll of summoning
 P - 5 scrolls of remove curse
 X - a scroll of silence
Potions
 a - 4 potions of haste
 p - 4 potions of curing
 s - 4 potions of heal wounds
 u - 2 potions of brilliance
 x - a potion of resistance
 L - a potion of might
 T - a potion of flight
 V - 2 potions of cancellation
Miscellaneous
 B - a condenser vane
 R - a phantom mirror


   Skills:
 + Level 10.2 Fighting
 + Level 9.2 Short Blades
 + Level 10.2 Long Blades
 + Level 9.2 Axes
 + Level 9.2(13.5) Maces & Flails
 + Level 9.2 Polearms
 + Level 9.2 Staves
 + Level 9.2 Slings
 + Level 9.2 Bows
 + Level 9.2 Crossbows
 + Level 9.6 Throwing
 + Level 9.6 Armour
 + Level 10.2(14.5) Dodging
 + Level 9.2(13.5) Stealth
 + Level 9.2(12.1) Shields
 + Level 9.2 Unarmed Combat
 + Level 10.4 Spellcasting
 + Level 7.7(12.2) Conjurations
 + Level 7.7(12.2) Hexes
 + Level 7.7(12.2) Summonings
 + Level 7.7(12.2) Necromancy
 + Level 9.5(13.8) Translocations
 + Level 7.7(12.2) Transmutations
 + Level 7.7(12.2) Fire Magic
 + Level 7.7(12.2) Ice Magic
 + Level 7.7(12.2) Air Magic
 + Level 7.7(12.2) Earth Magic
 + Level 7.7(12.2) Poison Magic
 + Level 10.0 Invocations
 + Level 9.2(13.5) Evocations


You had 24 spell levels left.
You knew the following spells:

 Your Spells              Type           Power        Failure   Level
a - Blink                 Tloc           N/A          1%          2
b - Teleport Other        Tloc           ######..     1%          3
c - Passage of Golubria   Tloc           N/A          1%          4

Your spell library contained the following spells:

 Spells                   Type           Power        Failure   Level
 Gell's Gravitas          Tloc           ######....   1%          3
 Lesser Beckoning         Tloc           ######....   1%          3


Dungeon Overview and Level Annotations

Branches:
Dungeon (12/15)            Temple (0/1) D:4            Lair (4/6) D:11
  Swamp (0/4) Lair:3       Spider (0/4) Lair:3          Orc (0/2) D:10
Gauntlet (1/1)

Altars:
Ashenzari
Cheibriados
Dithmenos
Elyvilon
Hepliaklqana
Kikubaaqudgha
Nemelex Xobeh
Okawaru
Qazlal
Ru
Sif Muna
Wu Jian
Yredelemnul
Zin

Shops:
D:8 (}   D:10 (

Annotations:
D:4 Sigmund
D:5 Prince Ribbit
D:9 3 runed translucent doors, stormannnn's ghost, novice BaSu
Lair:3 2 transporters, Voideuzu's ghost, journeyman MfGl Gauntlet 15 transporters, 17 runed translucent doors


Innate Abilities, Weirdness & Mutations

Your experience applies equally to all skills.
You have very sharp teeth.
Your uncanny sense of smell can sniff out nearby items.


Message History

The stone arrow hits you! The catoblepas closely misses you.
You have turned to stone.
The catoblepas gores you but does no damage.
The gargoyle hurls a stone arrow at you.
The stone arrow hits you! The catoblepas gores you!!
The gargoyle hits you with a +0 flail! The catoblepas gores you!
The gargoyle hits you but does no damage.
The catoblepas gores you!!
* * * LOW HITPOINT WARNING * * *
The catoblepas gores you!
* * * LOW HITPOINT WARNING * * *
The gargoyle hits you but does no damage.
The catoblepas gores you.
* * * LOW HITPOINT WARNING * * *
The gargoyle hits you but does no damage.
The catoblepas barely misses you. The gargoyle hits you with a +0 flail!!
* * * LOW HITPOINT WARNING * * *
The catoblepas gores you!!
You die...

#8#..#.##...##.#...#≈..≈..≈.
###..#..#...#.B#...#.≈≈.^≈≈≈
#..#.BB#B#B.B#...#3.©≈≈.33
#..###########...#########
###≈......©......≈..........
#8#∩...∩........≈8§.........
###§......©......§..........
#..###########...#########
#..#..+.©@+..#...#ZZ......
###..#..+.Y9+..#...#Z.......
#8#..#++#+#'#++#...#Z.......
###..#..+...+..#.###........
#..#..+...+..#.#©#....©...
###..#++#...#++#.#.#........
#8#..#..#'''#..#.#.#........
###..#.........#.#.#........
#..#..[.©?...#.#.#Z.......


You could see a catoblepas, a queen ant (wandering), 5 soldier ants and a
gargoyle.

Vanquished Creatures
  A very ugly thing (D:9)
  Josephine (D:11)
  Erolcha (D:9)
  Harold (Lair:1)
  2 hydras (Lair:1)
  A boulder beetle (D:12)
  A catoblepas (Lair:2)
  A tengu warrior (D:11)
  Erica (D:11)
  A queen ant (Lair:3)
  An ogre mage (D:11)
  3 two-headed ogres
  Urug (D:11)
  Sonja (Lair:3)
  A sixfirhy (D:9)
  A flayed ghost (D:11)
  A glowing orange brain (D:9)
  Pikel (D:8)
  5 ugly things (D:9)
  A cyclops (D:11)
  5 elephants (Lair:2)
  3 black mambas
  A gargoyle (D:11)
  4 cane toads
  2 komodo dragons
  Maggie (D:7)
  A hornet (D:11)
  4 trolls
  4 slime creatures (D:12)
  13 blink frogs
  6 wraiths
  2 wyverns
  4 fire bats (D:9)
  A shadow (D:11)
  40 yaks
  Grum (Lair:1)
  A steam dragon (Lair:3)
  2 water elementals (D:11)
  7 vampire mosquitoes
  Edmund (D:4)
  The ghost of davenfal the Skirmisher, an amateur GrFi (D:3)
  A hell hound (D:9)
  4 soldier ants
  3 water moccasins
  5 orc warriors
  A black bear (D:8)
  A hornet zombie (D:12)
  3 ice beasts
  2 phantoms
  9 ogres
  6 wolves
  3 sky beasts
  A centaur (D:10)
  A big kobold (D:10)
  8 bullfrogs
  3 scorpions
  9 wights (D:12)
  5 killer bees (D:9)
  4 electric eels (D:11)
  2 howler monkeys (D:11)
  A bullfrog zombie (D:7)
  2 lava snakes (D:9)
  2 centaur zombies (D:10)
  3 centaur skeletons
  5 hounds
  4 jellies
  4 bullfrog skeletons
  2 orc priests
  An iguana (D:11)
  13 orc wizards
  29 worker ants
  Terence (D:3)
  A hound skeleton (D:9)
  A howler monkey zombie (D:8)
  3 gnolls (D:2)
  16 adders
  2 shadow imps (D:6)
  A white imp (D:6)
  A worker ant simulacrum (D:11)
  2 ufetubi
  An ooze (D:3)
  3 adder zombies
  6 worms
  2 dart slugs
  8 leopard geckos
  41 orcs
  2 ball pythons
  4 giant cockroaches
  5 goblins
  5 hobgoblins
  18 jackals
  16 kobolds
  6 quokkas
  8 bats
  8 frilled lizards
  A jackal zombie (D:8)
  2 quokka zombies
  9 rats
441 creatures vanquished.

Vanquished Creatures (others)
  3 fire vortices (D:9)
  25 fungi
  21 plants
  6 withered plants (D:5)
55 creatures vanquished.

Grand Total: 496 creatures vanquished

Notes
Turn   | Place    | Note
-------+----------+-------------------------------------------
     0 | D:1      | mandarbmax the Gnoll Warper began the quest for the Orb.
     0 | D:1      | Reached XP level 1. HP: 20/20 MP: 6/6
    10 | D:1      | Found a broken altar of Ashenzari.
    16 | D:1      | Became a worshipper of Ashenzari the Shackled
   240 | D:1      | Reached XP level 2. HP: 23/26 MP: 7/7
   445 | D:1      | Reached XP level 3. HP: 31/31 MP: 9/9
   460 | D:1      | Learned a level 2 spell: Blink
   464 | D:1      | Learned a level 3 spell: Teleport Other
   476 | D:1      | Reached skill level 5 in Spellcasting
  1360 | D:2      | Reached skill level 1 in Invocations
  1468 | D:2      | Reached skill level 1 in Short Blades
  1468 | D:2      | Reached skill level 1 in Axes
  1468 | D:2      | Reached skill level 1 in Maces & Flails
  1468 | D:2      | Reached skill level 1 in Polearms
  1468 | D:2      | Reached skill level 1 in Staves
  1468 | D:2      | Reached skill level 1 in Slings
  1468 | D:2      | Reached skill level 1 in Bows
  1468 | D:2      | Reached skill level 1 in Crossbows
  1468 | D:2      | Reached skill level 1 in Stealth
  1468 | D:2      | Reached skill level 1 in Shields
  1468 | D:2      | Reached skill level 1 in Unarmed Combat
  1468 | D:2      | Reached skill level 1 in Evocations
  1537 | D:2      | Reached XP level 4. HP: 22/38 MP: 11/11
  1766 | D:2      | Reached skill level 1 in Conjurations
  1766 | D:2      | Reached skill level 1 in Hexes
  1766 | D:2      | Reached skill level 1 in Summonings
  1766 | D:2      | Reached skill level 1 in Necromancy
  1766 | D:2      | Reached skill level 1 in Transmutations
  1766 | D:2      | Reached skill level 1 in Fire Magic
  1766 | D:2      | Reached skill level 1 in Ice Magic
  1766 | D:2      | Reached skill level 1 in Air Magic
  1766 | D:2      | Reached skill level 1 in Earth Magic
  1766 | D:2      | Reached skill level 1 in Poison Magic
  2191 | D:2      | Reached XP level 5. HP: 40/43 MP: 12/12
  2469 | D:2      | Found an iron altar of Okawaru.
  2558 | D:3      | Noticed Terence
  2594 | D:3      | Killed Terence
  2863 | D:3      | Found a transporter.
  2864 | D:3      | Found a transporter.
  2864 | D:3      | Identified the cursed +1 dire flail "Duoriah" {flame, rC+
                  | rN+}
  2864 | D:3      | Noticed an ogre
  2864 | D:3      | Noticed an ogre
  2864 | D:3      | Noticed davenfal's ghost (amateur GrFi)
  2870 | D:3      | Found a sacrificial altar of Ru.
  3013 | D:3      | Found a sparkling altar of Nemelex Xobeh.
  3174 | D:3      | Noticed an ogre
  3257 | D:3      | Reached * piety under Ashenzari
  3635 | D:3      | Reached XP level 6. HP: 50/50 MP: 13/13
  4068 | D:4      | Reached skill level 5 in Fighting
  4068 | D:4      | Reached skill level 5 in Long Blades
  4068 | D:4      | Reached skill level 5 in Dodging
  5037 | D:4      | Reached XP level 7. HP: 56/56 MP: 15/15
  5071 | D:4      | Found a staircase to the Ecumenical Temple.
  5148 | D:4      | Noticed Edmund
  5178 | D:4      | Killed Edmund
  5406 | D:4      | Noticed Sigmund
  5834 | D:5      | Entered Level 5 of the Dungeon
  5958 | D:5      | Got the whip of the Soothsayer {flame, *Contam rF++ MR-
                  | MP+9}
  5959 | D:5      | Identified the +4 whip of the Soothsayer {flame, *Contam
                  | rF++ MR- MP+9} (You found it on level 5 of the Dungeon)
  6076 | D:5      | Learned a level 4 spell: Passage of Golubria
  6163 | D:5      | Found a glowing silver altar of Zin.
  6181 | D:5      | Found an ancient bone altar of Kikubaaqudgha.
  6494 | D:5      | Reached XP level 8. HP: 63/63 MP: 16/16
  6559 | D:5      | Noticed Prince Ribbit
  6921 | D:5      | Found an ornate altar of the Wu Jian Council.
  7056 | D:5      | Reached ** piety under Ashenzari
  7482 | D:6      | Found a basalt altar of Yredelemnul.
  8756 | D:7      | Found a shadowy altar of Dithmenos.
  9759 | D:7      | Noticed Maggie
  9781 | D:7      | Killed Maggie
  9781 | D:7      | Reached XP level 9. HP: 39/69 MP: 18/18
 10026 | D:7      | Reached *** piety under Ashenzari
 10103 | D:8      | Noticed Pikel
 10120 | D:8      | Killed Pikel
 10120 | D:8      | Reached skill level 5 in Throwing
 10120 | D:8      | Reached skill level 5 in Armour
 10134 | D:8      | Found a snail-covered altar of Cheibriados.
 10324 | D:8      | Found Dahixt's Gadget Shoppe.
 10349 | D:8      | Found Rise's Weapon Shop.
 10525 | D:8      | Reached skill level 5 in Invocations
 11140 | D:9      | Reached XP level 10. HP: 77/77 MP: 20/20
 11154 | D:9      | Reached skill level 5 in Short Blades
 11154 | D:9      | Reached skill level 5 in Axes
 11154 | D:9      | Reached skill level 5 in Maces & Flails
 11154 | D:9      | Reached skill level 5 in Polearms
 11154 | D:9      | Reached skill level 5 in Staves
 11154 | D:9      | Reached skill level 5 in Slings
 11154 | D:9      | Reached skill level 5 in Bows
 11154 | D:9      | Reached skill level 5 in Crossbows
 11154 | D:9      | Reached skill level 5 in Stealth
 11154 | D:9      | Reached skill level 5 in Shields
 11154 | D:9      | Reached skill level 5 in Unarmed Combat
 11154 | D:9      | Reached skill level 5 in Evocations
 11439 | D:9      | Found a white marble altar of Elyvilon.
 11439 | D:9      | Found a shimmering blue altar of Sif Muna.
 11652 | D:9      | Found a runed translucent door.
 11652 | D:9      | Noticed a sixfirhy
 11924 | D:9      | Found a runed translucent gate.
 11924 | D:9      | Found a runed translucent gate.
 11924 | D:9      | Found a runed translucent gate.
 11925 | D:9      | Noticed a green ugly thing
 11950 | D:9      | Found a hazy altar of Hepliaklqana.
 11978 | D:9      | Found the +7 great mace "Undeadhunter" {disrupt, rN+}
 12016 | D:9      | Noticed Erolcha
 12037 | D:9      | Paralysed by Erolcha for 6 turns
 12047 | D:9      | Killed Erolcha
 12455 | D:9      | Noticed a green ugly thing
 12484 | D:9      | Identified the +5 war axe of Starshine {freeze, MR+}
 12901 | D:9      | Reached **** piety under Ashenzari
 13097 | D:9      | Noticed a purple ugly thing
 13097 | D:9      | Noticed a green very ugly thing
 13098 | D:9      | Noticed a glowing orange brain
 13103 | D:9      | Noticed a white ugly thing
 13104 | D:9      | Noticed a brown ugly thing
 13153 | D:10     | Entered Level 10 of the Dungeon
 13447 | D:10     | Found a staircase to the Orcish Mines.
 13475 | D:10     | Reached XP level 11. HP: 47/84 MP: 22/22
 13782 | D:10     | Found Davav's Weapon Boutique.
 13936 | D:10     | Noticed a two-headed ogre
 13977 | D:10     | Reached skill level 5 in Conjurations
 13977 | D:10     | Reached skill level 5 in Hexes
 13977 | D:10     | Reached skill level 5 in Summonings
 13977 | D:10     | Reached skill level 5 in Necromancy
 13977 | D:10     | Reached skill level 5 in Transmutations
 13977 | D:10     | Reached skill level 5 in Fire Magic
 13977 | D:10     | Reached skill level 5 in Ice Magic
 13977 | D:10     | Reached skill level 5 in Air Magic
 13977 | D:10     | Reached skill level 5 in Earth Magic
 13977 | D:10     | Reached skill level 5 in Poison Magic
 13986 | D:10     | Killed a two-headed ogre
 14804 | D:3      | Killed davenfal's ghost
 14962 | D:9      | Killed a sixfirhy
 15144 | D:9      | Killed a purple ugly thing
 15146 | D:9      | Killed a red ugly thing
 15146 | D:9      | Killed a glowing orange brain
 15147 | D:9      | Killed a red ugly thing
 15147 | D:9      | Killed a red ugly thing
 15149 | D:9      | Killed a red ugly thing
 15153 | D:9      | HP: 4/86 [acid (10)]
 15154 | D:9      | Killed a brown very ugly thing
 15163 | D:9      | Found a runed translucent gate.
 15163 | D:9      | Found a runed translucent gate.
 15167 | D:9      | Noticed a fire crab
 15169 | D:9      | Found a runed translucent gate.
 15169 | D:9      | Noticed stormannnn's ghost (novice BaSu)
 15169 | D:9      | Noticed an anaconda
 15169 | D:9      | a water nymph changed into an anaconda
 15176 | D:9      | Reached XP level 12. HP: 36/94 MP: 25/25
 15176 | D:9      | an anaconda changed into a glowing orange brain
 15481 | D:11     | Noticed Josephine
 15506 | D:11     | Reached XP level 13. HP: 90/100 MP: 26/26
 15523 | D:11     | Killed Josephine
 16221 | D:11     | Reached ***** piety under Ashenzari
 16237 | D:11     | Noticed Urug
 16287 | D:11     | Killed Urug
 16481 | D:11     | Identified the ring "Temiafun" {rElec rN+ MR+}
 16547 | D:11     | Upgraded the game from 0.26-a0-810-ge1a9524b62 to
                  | 0.26-a0-812-g31a745ddcd
 17160 | D:11     | Found a staircase to the Lair.
 17260 | D:11     | Noticed Erica
 17297 | D:11     | Killed Erica
 19945 | Lair:1   | Entered Level 1 of the Lair of Beasts
 20297 | Lair:1   | Found a glowing silver altar of Zin.
 20317 | Lair:1   | Noticed Grum
 20360 | Lair:1   | Killed Grum
 20580 | Lair:1   | Reached XP level 14. HP: 109/109 MP: 27/27
 20615 | Lair:1   | Noticed Harold
 20634 | Lair:1   | Killed Harold
 20634 | Lair:1   | Reached skill level 10 in Spellcasting
 22248 | Lair:2   | Reached skill level 10 in Fighting
 22248 | Lair:2   | Reached skill level 10 in Long Blades
 22248 | Lair:2   | Reached skill level 10 in Dodging
 23252 | Lair:2   | Reached ****** piety under Ashenzari
 23546 | Lair:3   | Found a stormy altar of Qazlal.
 23861 | Lair:3   | Noticed Voideuzu's ghost (journeyman MfGl)
 24114 | Lair:3   | Found a transporter.
 24119 | Lair:3   | Noticed Sonja
 24201 | Lair:3   | Killed Sonja
 24298 | Lair:3   | Found a staircase to the Swamp.
 24312 | Lair:3   | Reached skill level 10 in Invocations
 24635 | Lair:3   | Found a transporter.
 24732 | Lair:3   | Found a hole to the Spider Nest.
 25035 | Lair:4   | Found a gate leading to a gauntlet.
 25055 | Gauntlet | Entered a Gauntlet
 25055 | Gauntlet | Found a transporter.
 25055 | Gauntlet | Found a transporter.
 25055 | Gauntlet | Found a large runed translucent door.
 25055 | Gauntlet | Found a large runed translucent door.
 25055 | Gauntlet | Found a large runed translucent door.
 25055 | Gauntlet | Found a large runed translucent door.
 25055 | Gauntlet | Found a large runed translucent door.
 25055 | Gauntlet | Found a large runed translucent door.
 25055 | Gauntlet | Found a runed translucent door.
 25055 | Gauntlet | Found a runed translucent door.
 25055 | Gauntlet | Found a large runed translucent door.
 25055 | Gauntlet | Found a large runed translucent door.
 25055 | Gauntlet | Found a large runed translucent door.
 25055 | Gauntlet | Found a large runed translucent door.
 25055 | Gauntlet | Found a large runed translucent door.
 25055 | Gauntlet | Found a large runed translucent door.
 25059 | Gauntlet | Found a transporter.
 25059 | Gauntlet | Found a transporter.
 25073 | Gauntlet | Found a transporter.
 25083 | Gauntlet | Found a transporter.
 25084 | Gauntlet | Identified the +6 war axe of Reapportionment {venom, rPois
                  | MP+9 Str+3 Stlth+}
 25084 | Gauntlet | Identified the ring "Saol" {rC+ MR+ Str+2 Int+6 Stlth-}
 25093 | Gauntlet | Found a transporter.
 25093 | Gauntlet | Found a transporter.
 25095 | Gauntlet | Identified the +8 plate armour "Kenah" {*Slow rN+ Int+3
                  | Dex+3}
 25097 | Gauntlet | Found a transporter.
 25102 | Gauntlet | Noticed a reaper
 25103 | Gauntlet | Identified the +0 pair of boots of Ashenzari's Scorn {rC+}
 25103 | Gauntlet | Identified the cursed +0 hat of Woralac {rC+ Slay+2}
 25130 | Gauntlet | Found a transporter.
 25139 | Gauntlet | Found a transporter.
 25154 | Gauntlet | Found a large runed translucent door.
 25155 | Gauntlet | Found a large runed translucent door.
 25157 | Gauntlet | Found a runed translucent gate.
 25158 | Gauntlet | Found a runed translucent gate.
 25159 | Gauntlet | Found a runed translucent gate.
 25159 | Gauntlet | Found a transporter.
 25227 | Gauntlet | Found a transporter.
 25243 | Gauntlet | Found a transporter.
 25252 | Gauntlet | Identified the ring of Xom's Sleight of Hands {+Blink Str-3
                  | Int+6 Dex+6}
 25324 | Gauntlet | Found a large runed translucent door.
 25324 | Gauntlet | Found a large runed translucent door.
 25342 | Gauntlet | Found a transporter.
 25356 | Gauntlet | Found a transporter.
 25512 | Gauntlet | Slain by a catoblepas

Illustrated notes

Levels and vault maps discovered:
D:1:      dpeg_arrival_pond, layout_basic, st_stairs_10, ashenzari_altar_1
D:2:      layout_loops_cross, kennysheep_okawaru_gauntlet, st_stairs_8,
          minmay_misc_feat_pillars, minmay_misc_feat_room
D:3:      layout_loops_ring, lemuel_coloured_pillars_altar,
          nicolae_ru_great_annihilating_truth, gammafunk_ghost_smash,
          uniq_terence
D:4:      layout_cave_pods, minmay_temple_entry_hall, sigmund_edmund_badplayer
D:5:      layout_basic, old_standard_altar, zin_scriptorium,
          kiku_gazebo_garden_becter, uniq_prince_ribbit1
D:6:      layout_cave_pods, yredelemnul_altar_generic, grunt_decor_cap
D:7:      layout_loops_cross, lemuel_round_altar,
          hangedman_abyss_or_decor_stabs, minmay_misc_feat_x, uniq_maggie
D:8:      layout_cave_pools, old_standard_altar, serial_shops, shop,
          kennysheep_mini_moat, uniq_pikel
D:9:      cheibrodos_shockbox, layout_irregular_city, lemuel_doored_altar,
          chequers_temple_overflow_statue_of_worship,
          ploomutoo_gammafunk_ghost_potion_laboratory, hangedman_incinerator,
          uniq_erolcha
D:10:     layout_long_grid, david_orc_3, serial_shops, nicolae_shop_statue_plus,
          kennysheep_donut, minmay_misc_feat_nine_boxes, lemuel_flamethrower_2
D:11:     layout_basic, grunt_lair_entry_orc_guard_hut, minmay_evil_grid,
          uniq_erica, uniq_josephine, uniq_urug
D:12:     layout_loops_ring
Lair:1:   layout_roguey, basic_altar, uniq_harold, uniq_grum
Lair:2:   layout_cave_pods
Lair:3:   layout_roguey, minmay_swamp_entry_swarm, spider_nest_entry_web_field,
          basic_altar, gammafunk_ghost_arena, minmay_another_anthill, uniq_sonja
Lair:4:   layout_gridlike, gauntlet_entry_generic
Gauntlet: gammafunk_gauntlet_branching [gammafunk_gauntlet_arena_chambers,
          minmay_gauntlet_arena_make_your_own_arena,
          gammafunk_gauntlet_arena_teeth, nicolae_gauntlet_arena_flowing_pool,
          gammafunk_gauntlet_arena_open, gammafunk_gauntlet_arena_spirals,
          nicolae_gauntlet_arena_t_cross, gammafunk_gauntlet_arena_split_x,
          gauntlet_exit_hidden_loot]

Skill      XL: |  1  2  3  4  5  6  7  8  9 10 11 12 13 14 |
---------------+-------------------------------------------+-----
Spellcasting   | 5 6 7 9 10 | 10.4
Invocations    | 1 2 3 4 5 6 8 9 10 | 10.0
Short Blades   | 1 2 4 5 7 8 9 |  9.2
Axes           | 1 2 4 5 7 8 9 |  9.2
Maces & Flails | 1 2 4 5 7 8 9 |  9.2
Polearms       | 1 2 4 5 7 8 9 |  9.2
Staves         | 1 2 4 5 7 8 9 |  9.2
Slings         | 1 2 4 5 7 8 9 |  9.2
Bows           | 1 2 4 5 7 8 9 |  9.2
Crossbows      | 1 2 4 5 7 8 9 |  9.2
Stealth        | 1 2 4 5 7 8 9 |  9.2
Shields        | 1 2 4 5 7 8 9 |  9.2
Unarmed Combat | 1 2 4 5 7 8 9 |  9.2
Evocations     | 1 2 4 5 7 8 9 |  9.2
Conjurations   | 1 2 3 4 6 7 |  7.7
Hexes          | 1 2 3 4 6 7 |  7.7
Summonings     | 1 2 3 4 6 7 |  7.7
Necromancy     | 1 2 3 4 6 7 |  7.7
Transmutations | 1 2 3 4 6 7 |  7.7
Fire Magic     | 1 2 3 4 6 7 |  7.7
Ice Magic      | 1 2 3 4 6 7 |  7.7
Air Magic      | 1 2 3 4 6 7 |  7.7
Earth Magic    | 1 2 3 4 6 7 |  7.7
Poison Magic   | 1 2 3 4 6 7 |  7.7
Throwing       | 3 4 5 6 7 9 |  9.6
Armour         | 3 4 5 6 7 9 |  9.6
Fighting       | 5 6 7 8 9 10 | 10.2
Long Blades    | 5 6 7 8 9 10 | 10.2
Dodging        | 5 6 7 8 9 10 | 10.2
Translocations | 6 7 8 9 |  9.5

Action                   |  1- 3 |  4- 6 |  7- 9 | 10-12 | 13-15 || total
-------------------------+-------+-------+-------+-------+-------++-------
Melee: Falchion          |    88 |   340 |    42 |       |       ||   470
       Bite              |    10 |    49 |    38 |    66 |   186 ||   349
       Punch             |       |     2 |       |       |       ||     2
       Whip              |       |       |   378 |   509 |  1290 ||  2177
Throw: Boomerang         |       |     3 |    45 |    21 |    94 ||   163
       Dart              |       |       |       |       |   139 ||   139
       Javelin           |       |       |       |       |     7 ||     7
 Cast: Blink             |       |     1 |     9 |    10 |    11 ||    31
       Teleport Other    |       |     5 |    15 |       |       ||    20
       Passage of Golubr |       |       |       |       |     2 ||     2
Invok: Curse Item        |     1 |     1 |     1 |     6 |       ||     9
Evoke: Phantom mirror    |       |       |       |     1 |       ||     1
       Wand              |       |       |       |    12 |     7 ||    19
       Condenser vane    |       |       |       |     1 |     1 ||     2
  Use: Scroll            |     4 |     4 |    10 |     7 |     5 ||    30
       Potion            |       |     6 |     4 |     5 |       ||    15
 Stab: Sleeping          |     1 |     4 |    11 |     6 |    15 ||    37
       Paralysed         |       |     3 |       |       |       ||     3
       Distracted        |       |       |     1 |       |       ||     1
       Held in net/web   |       |       |       |       |     2 ||     2
Armor: Leather armour    |    19 |    52 |    67 |    75 |    78 ||   291
       Skin              |       |    15 |    17 |       |       ||    32
Dodge: Dodged            |    77 |   231 |   175 |   167 |   280 ||   930
Block: Kite shield       |       |       |   175 |   283 |   592 ||  1050
       Reflection        |       |       |       |    14 |    10 ||    24
       Rpst.: Falchion   |    24 |    86 |     7 |       |       ||   117

Table legend: (Time is in decaauts)
 A = Elapsed time spent in this place.
 B = Non-inter-level travel time spent in this place.
 C = Inter-level travel time spent in this place.
 D = Time resting spent in this place.
 E = Time spent auto-exploring this place.
 F = Levels seen in this place.
 G = Mean time per level.
                   A        B        C        D        E       F      G
               +--------+--------+--------+--------+--------+-----+--------+
         Total |  24833 |  23253 |   1580 |   7679 |  10986 |  17 | 1460.8 |
       Dungeon |  20003 |  18573 |   1430 |   6665 |   8432 |  12 | 1666.9 |
          Lair |   4385 |   4235 |    150 |   1014 |   2279 |   4 | 1096.2 |
      Gauntlet |    445 |    445 |      0 |      0 |    275 |   1 |  445.0 |
               +--------+--------+--------+--------+--------+-----+--------+

Top non-repeatable levels by time:
    D:11: 3339 daAuts
     D:9: 2402 daAuts
     D:3: 1741 daAuts
     D:4: 1727 daAuts
  Lair:2: 1699 daAuts
    D:10: 1622 daAuts
     D:5: 1614 daAuts
     D:6: 1567 daAuts
     D:1: 1405 daAuts
     D:7: 1366 daAuts
  Lair:1: 1357 daAuts
  Lair:3: 1289 daAuts
     D:2: 1158 daAuts
     D:8: 1142 daAuts
    D:12: 914 daAuts
